 Dungeon Crawl Stone Soup version 0.26-a0-690-gcb57259078 (webtiles) character file.

Game seed: 7251814868553167719

93 lunkers the Cutter (level 4, 0/29 HPs)
             Began as a Kobold Fighter on Oct 23, 2020.
             Was a Follower of Uskayaw.
             Slain by a hobgoblin
             ... wielding a +0 club
             ... led by Robin
              (2 damage)
             ... on level 2 of the Dungeon.
             The game lasted 00:02:51 (2632 turns).

lunkers the Cutter (Kobold Fighter)                 Turns: 2632, Time: 00:02:52

Health: 0/29       AC:  6    Str: 13    XL:     4   Next: 92%
Magic:  4/4        EV:  8    Int:  9    God:    Uskayaw [*.....]
Gold:   78         SH:  9    Dex: 15    Spells: 3/3 levels left

rFire    . . .     SeeInvis .   a - +0 rapier
rCold    . . .     Faith    .   c - +0 kite shield
rNeg     . . .     Spirit   .   b - +0 scale mail
rPois    .         Reflect  .   (no helmet)
rElec    .         Harm     .   (no cloak)
rCorr    .         Rampage  .   (no gloves)
MR       .....                  (no boots)
Stlth    +.........             (no amulet)
HPRegen  0.09/turn              (no ring)
MPRegen  0.09/turn              (no ring)

@: mighty
A: small, nightstalker 3
a: Stomp, Renounce Religion


You were on level 2 of the Dungeon.
You worshipped Uskayaw.
Uskayaw was noncommittal.
You visited 1 branch of the dungeon, and saw 2 of its levels.

You collected 78 gold pieces.

Inventory:

Hand Weapons
 a - a +0 rapier (weapon)
Armour
 b - a +0 scale mail (worn)
 c - a +0 kite shield (worn)
Wands
 k - a wand of polymorph (11)
 o - a wand of iceblast (6)
Scrolls
 e - a scroll of random uselessness {unknown}
 f - 3 scrolls of identify {unknown}
 g - a scroll of fear {unknown}
 h - a scroll of enchant armour {unknown}
 j - a scroll of teleportation {unknown}
 m - a scroll of remove curse {unknown}
 p - a scroll of noise {unknown}
Potions
 i - a potion of magic {unknown}
 l - a potion of lignification {unknown}
 n - a potion of mutation {unknown}
 q - a potion of heal wounds {unknown}


   Skills:
 + Level 4.0 Fighting
 * Level 4.8 Short Blades
 - Level 2.4 Armour
 - Level 2.6 Shields
 + Level 1.2 Invocations


You had 3 spell levels left.
You didn't know any spells.
Your spell library was empty.

Dungeon Overview and Level Annotations

Branches:
Dungeon (2/15)

Altars:
Uskayaw
The Shining One

Annotations:
D:2 Robin


Innate Abilities, Weirdness & Mutations

You are small and have problems with some larger weapons.
You are completely attuned to the shadows.


Message History

You kill the goblin!
You block the hobgoblin's attack.
Unknown command.
You completely miss the hobgoblin.
The hobgoblin is heavily wounded.
Robin throws the goblin at you! The hobgoblin hits you.
* * * LOW HITPOINT WARNING * * *
You puncture the goblin!
You kill the goblin!
The hobgoblin hits you.
* * * LOW HITPOINT WARNING * * *
You closely miss the hobgoblin.
The hobgoblin is heavily wounded.
The hobgoblin barely misses you.
You hit the hobgoblin.
You kill the hobgoblin!
Robin laughs in a distinctly smug fashion.
Your shield and scale mail prevent you from hitting the hobgoblin.
The hobgoblin hits you with a +0 club.
You die...

###.# #.###....##...###...#.
# #.# #...........#...P8..#.
#.# #####.....#...##..P.#.
#.# ##.#.###.###..8.## #.#
## #..## ##.##8...# #.# ..#
###.###.####.(### ###w# #.##
##.#........... ....#
#.#######......#.#### ###.#
#. #.gg@)...........# #.#
#.# ##.############.### #
#b# #.###.#############.#
..#.#####..g#..........).#.#
.................#######.#.#
..>.#####..g#.##.# #.#.#
##..# ##g##.##.# #.#.# #..#
#.##.##.### #.#.# ###
#..######.##..8...#####.#.#
#..


You could see Robin and a hobgoblin.

Vanquished Creatures
  2 adders (D:2)
  An ooze (D:1)
  An adder zombie (D:2)
  3 adder skeletons (D:2)
  2 worms (D:2)
  A leopard gecko (D:1)
  6 bats
  A bat skeleton (D:2)
  A giant cockroach (D:1)
  8 goblins
  10 hobgoblins
  2 jackals (D:2)
  A quokka (D:2)
  A ball python (D:1)
  A ball python skeleton (D:2)
  A frilled lizard (D:2)
  A giant cockroach zombie (D:2)
  4 kobolds
  A quokka skeleton (D:2)
  2 rats (D:1)
50 creatures vanquished.

Vanquished Creatures (others)
  7 withered plants (D:2)
7 creatures vanquished.

Grand Total: 57 creatures vanquished

Notes
Turn   | Place    | Note
-------+----------+-------------------------------------------
     0 | D:1      | lunkers the Kobold Fighter began the quest for the Orb.
     0 | D:1      | Reached XP level 1. HP: 14/14 MP: 1/1
    91 | D:1      | Reached XP level 2. HP: 14/19 MP: 2/2
   712 | D:1      | Reached XP level 3. HP: 18/23 MP: 3/3
  1193 | D:2      | Found a hide-covered altar of Uskayaw.
  1202 | D:2      | Noticed a +0 dagger
  1202 | D:2      | Noticed a +0 dagger
  1206 | D:2      | Became a worshipper of Uskayaw the Reveler
  1253 | D:2      | Reached * piety under Uskayaw
  1255 | D:2      | Reached ** piety under Uskayaw
  1486 | D:2      | Reached XP level 4. HP: 12/29 MP: 4/4
  2267 | D:2      | Found a glowing golden altar of the Shining One.
  2271 | D:2      | Reached skill level 1 in Invocations
  2572 | D:2      | Noticed Robin
  2629 | D:2      | HP: 1/29 [hobgoblin[Robin] (5)]
  2632 | D:2      | Slain by a hobgoblin

Illustrated notes

Levels and vault maps discovered:
D:1:      eino_arrival_water_star, layout_basic, minmay_misc_feat_alley
D:2:      layout_loops_ring, nicolae_tso_carved_into_rock,
          dancing_weapons_uskayaw, serial_undead, serial_undead_c,
          serial_undead_b, serial_undead_d, serial_undead_c, serial_undead_e,
          serial_undead_a, serial_undead_b, serial_undead_e, uniq_robin

Skill      XL: |  1  2  3  4 |
---------------+-------------+-----
Short Blades   | 3 4 |  4.8
Invocations    | 1 |  1.2
Fighting       | 4 |  4.0
Armour         | |  2.4
Shields        | |  2.6

Action                   |  1- 3 |  4- 6 || total
-------------------------+-------+-------++-------
Melee: Rapier            |   112 |   101 ||   213
  Use: Potion            |       |     1 ||     1
Armor: Scale mail        |    42 |    36 ||    78
Dodge: Dodged            |    30 |    32 ||    62
Block: Kite shield       |    46 |    48 ||    94

Table legend: (Time is in decaauts)
 A = Elapsed time spent in this place.
 B = Non-inter-level travel time spent in this place.
 C = Inter-level travel time spent in this place.
 D = Time resting spent in this place.
 E = Time spent auto-exploring this place.
 F = Levels seen in this place.
 G = Mean time per level.
                   A        B        C        D        E       F      G
               +--------+--------+--------+--------+--------+-----+--------+
         Total |   2654 |   2621 |     33 |    236 |   1952 |   2 | 1327.0 |
       Dungeon |   2654 |   2621 |     33 |    236 |   1952 |   2 | 1327.0 |
               +--------+--------+--------+--------+--------+-----+--------+

Top non-repeatable levels by time:
     D:1: 1355 daAuts
     D:2: 1299 daAuts
